cohdb
Replays
Latest Replays
All Replays
Popular Replays
Top Player Replays
Match Explorer
How It Works
Community
CoH3 Stats
Reddit
Sign in to upload your games and track your stats! →
Sign in with Steam
Match 45259797
Unlisted
Match 45259797
Overview
Messages
Build Orders
End
Engineer Squad
Construct Barracks
Riflemen Squad
Selects Heavy Weapons
Riflemen Squad
Construct Medical Station
Infantry Support Center
Construct Weapon Support Center
Selects Assault Carriers
M3 Assault Carrier
M1919 Machine Gun Team
Selects M2HB .50cal Heavy Machine Gun
Riflemen Squad
Advanced Logistics
Bazooka Squad
Mortar Pit
Selects Exchangeable Parts
Grenade Package
Construct Tank Depot
M1919 Machine Gun Team
M18 Hellcat Tank Destroyer
BALCK_9
Bego
nub
FutureNP
0
0
Comments
sign in to comment!
No comments posted yet!